 Dungeon Crawl Stone Soup version 0.19.1 (webtiles) character file.

152 kae the Firebug (level 5, -2/28 HPs)
             Began as a Tengu Fire Elementalist on Dec 20, 2016.
             Slain by Sigmund
             ... wielding a +0 scythe
              (9 damage)
             ... on level 2 of the Dungeon.
             The game lasted 00:04:15 (3107 turns).

kae the Firebug (Tengu Fire Elementalist)           Turns: 3107, Time: 00:04:16

Health: -2/28      AC:  4    Str:  9    XL:     5   Next: 34%
Magic:  5/10       EV: 12    Int: 16    God:
Gold:   66         SH:  0    Dex: 14    Spells: 3 memorised, 3 levels left

rFire  . . .     SeeInvis .     (no weapon)
rCold  . . .     Gourm    .     a - +0 robe
rNeg   . . .     Faith    .     (no shield)
rPois  .         Spirit   .     (helmet restricted)
rElec  .         Reflect  .     m - +0 cloak
rCorr  .         Harm     .     j - +0 pair of gloves
MR     .....                    (boots unavailable)
Stlth  ++........               (no amulet)
                                (no ring)
                                (no ring)

@: exhausted, slowed, very slow
A: beak, talons 3, able to fly 1
a: Fly


You were on level 2 of the Dungeon.
You were hungry.

You visited 1 branch of the dungeon, and saw 2 of its levels.

You collected 66 gold pieces.

Inventory:

Armour
 a - a +0 robe (worn)
 j - a +0 pair of gloves (worn)
 m - a +0 cloak (worn)
Wands
 d - a wand of flame (18/48)
Scrolls
 e - a scroll of fog {unknown}
 p - a scroll of teleportation
 q - a scroll of remove curse {unknown}
 r - a scroll of enchant armour {unknown}
Potions
 f - a potion of curing {unknown}
 h - 2 potions of lignification {unknown}
 i - a potion of ambrosia {unknown}
 l - a potion of haste {unknown}
 o - a potion of heal wounds
Books
 b - a book of Flames

   Spells                             Type                      Level
   a - Flame Tongue                   Conjuration/Fire             1
   b - Throw Flame                    Conjuration/Fire             2
   c - Conjure Flame                  Conjuration/Fire             3
   d - Inner Flame                    Hexes/Fire                   3
   e - Sticky Flame                   Conjuration/Fire             4
   f - Fireball                       Conjuration/Fire             5
Comestibles
 c - 2 bread rations
 k - a beef jerky
 n - 6 chunks of flesh


   Skills:
 - Level 2.1 Dodging
 - Level 2.0 Stealth
 + Level 2.9 Spellcasting
 * Level 4.3 Conjurations
 * Level 4.6 Fire Magic


You had 3 spell levels left.
You knew the following spells:

 Your Spells              Type           Power        Failure   Level  Hunger
a - Flame Tongue          Conj/Fire      ###..        3%          1    #......
b - Throw Flame           Conj/Fire      ###...       6%          2    ##.....
c - Conjure Flame         Conj/Fire      ###.....     12%         3    ###....


Dungeon Overview and Level Annotations

Branches:
Dungeon (2/15)

Altars:

Annotations:
D:2 exclusion: 4 gnolls, Sigmund


Innate Abilities, Weirdness & Mutations

You have a beak for a mouth.
You have claws for feet.
You can fly.


Message History

Sigmund points at you and mumbles some strange words.
You are more confused.
You feel your anger subside.
You are no longer berserk.
You are exhausted.
You feel yourself slow down. Sigmund gestures at you while chanting.
The puff of flame hits you!
Sigmund mumbles some strange words.
Sigmund flickers and vanishes!
Deactivating autopickup; reactivate with Ctrl-A.
You bump into the rock wall.
A magic dart appears from out of thin air!
The magic dart hits you! Something hits you but does no damage.
You feel less confused. Something hits you.
* * * LOW HITPOINT WARNING * * *
You hear some strange, mumbled words.
Something tries to affect you, but you resist.
Something hits you!
You die...

..#.# #.....8.8..#.# #....#.##.#
..#.###.#..8._.8.#.# #....#.##.#
.(...##.#...8.8..#.# #....#.##.#
#.#..##.#....8.....# #....#.##.#
..g..##.#..........# #....#.....
......#.##.(###..#.# #....####.#
....###.#........#.####....######
..............{.......'....'.....
...####.........@.#####....######
...#########..##########'### ##
............#.<##....###.# #.
.#..#######.#.##......##.# #.
....# #.#)#..........#######.
....# #.#)#........#...(.....
..♣♣♣♣♣♣♣ ♣♣#.#........#.........
#.♣P♣P.P♣♣♣♣#.#........#.........
#.............##......##.........


There were no monsters in sight!

Vanquished Creatures
  7 gnolls
  2 adders (D:2)
  A worm (D:2)
  3 dart slugs
  6 bats
  13 giant cockroaches
  5 goblins
  4 hobgoblins (D:1)
  A quokka (D:2)
  2 frilled lizards
  11 kobolds
  2 rats (D:1)
57 creatures vanquished.

Notes
Turn   | Place    | Note
-------+----------+-------------------------------------------
     0 | D:1      | kae the Tengu Fire Elementalist began the quest for the Orb.
     0 | D:1      | Reached XP level 1. HP: 10/10 MP: 4/4
   157 | D:1      | Reached XP level 2. HP: 15/15 MP: 4/6
  1005 | D:1      | Reached XP level 3. HP: 18/19 MP: 2/7
  1335 | D:1      | Learned a level 2 spell: Throw Flame
  1339 | D:1      | Learned a level 3 spell: Conjure Flame
  1713 | D:2      | Noticed Sigmund
  1722 | D:2      | Found a faded altar of an unknown god.
  1837 | D:2      | Reached XP level 4. HP: 17/24 MP: 2/8
  2641 | D:1      | Gained mutation: You can fly. [Tengu growth]
  2641 | D:1      | Reached XP level 5. HP: 14/28 MP: 6/10
  3107 | D:2      | Slain by Sigmund

Skill      XL: |  1  2  3  4 |
---------------+-------------+-----
Conjurations   | 2 3 4 |  4.3
Fire Magic     | 4 |  4.6
Dodging        | |  2.1
Stealth        | |  2.0
Spellcasting   | |  2.9

Action                   |  1- 3 |  4- 6 || total
-------------------------+-------+-------++-------
Melee: Unarmed           |    70 |    17 ||    87
       Kick              |    17 |     2 ||    19
       Peck              |    13 |     1 ||    14
 Cast: Flame Tongue      |    60 |    61 ||   121
       Throw Flame       |     1 |     5 ||     6
       Conjure Flame     |       |     2 ||     2
  Use: Scroll            |     2 |       ||     2
       Potion            |       |     1 ||     1
 Stab: Sleeping          |     1 |       ||     1
  Eat: Chunk             |     4 |     4 ||     8
Armor: Robe              |    27 |     7 ||    34
Dodge: Dodged            |    77 |    34 ||   111
